 Dungeon Crawl Stone Soup version 0.30-b1-2-g02819fbbbe (webtiles) character file.

Game seed: 16247342826761596221

3028 raph the Summoner (level 9, 0/68 HPs)
             Began as a Merfolk Summoner on Oct 22, 2023.
             Was an Initiate of Gozag.
             Slain by a killer bee (8 damage)
             ... on level 8 of the Dungeon.
             The game lasted 00:16:06 (8801 turns).

raph the Summoner (Merfolk Summoner)                Turns: 8801, Time: 00:16:07

Health: 0/68       AC:  5    Str:  8    XL:     9   Next: 86%
Magic:  14/16      EV: 20    Int: 24    God:    Gozag
Gold:   405        SH:  5    Dex: 15    Spells: 5/18 levels left

rFire   . . .        n - +6 dagger (venom)
rCold   . . .        (no shield)
rNeg    . . .        a - +0 robe
rPois   .            (no helmet)
rElec   .            g - +2 cloak
rCorr   .            (no gloves)
SInv    .            (no boots)
Will    .....        D - amulet of reflection
Stlth   +++          y - +6 ring of intelligence
HPRegen 0.31/turn    f - +5 ring of evasion
MPRegen 0.15/turn

%: reflection
@: mighty, lethally poisoned (0 -> -4)
A: (nimble swimmer 2), mertail
a: Renounce Religion, Potion Petition, Call Merchant, Bribe Branch


You were on level 8 of the Dungeon.
You worshipped Gozag.
Gozag was aware of your devotion.
You visited 2 branches of the dungeon, and saw 9 of its levels.

You collected 894 gold pieces.
You spent 432 gold pieces at shops.
You paid 57 gold pieces to Gozag.

Inventory:

Hand Weapons
 d - a +0 short sword
 n - a +6 dagger of venom (weapon)
 p - a +0 spear
 x - a +0 trident
 C - a +2 dagger of protection
Missiles
 q - 3 poisoned darts
 v - 4 atropa-tipped darts (quivered)
Armour
 a - a +0 robe (worn)
 g - a +2 cloak (worn)
Jewellery
 f - a +5 ring of evasion (right hand)
 o - a ring of fire
 y - a +6 ring of intelligence (left hand)
 D - an amulet of reflection (around neck)
Wands
 c - a wand of charming (20)
 s - a wand of mindburst (13)
 z - a wand of acid (5)
Scrolls
 m - a scroll of magic mapping
 t - a scroll of immolation
Potions
 e - 3 potions of might
 h - 2 potions of heal wounds {unknown}
 i - 3 potions of resistance {unknown}
 j - 4 potions of mutation
 k - a potion of curing
 l - a potion of cancellation {unknown}
 r - a potion of haste {unknown}
 u - a potion of brilliance {unknown}
 w - a potion of flight {unknown}
 A - a potion of lignification {unknown}


   Skills:
 + Level 5.2 Fighting
 * Level 4.5 Short Blades
 + Level 7.1 Dodging
 + Level 3.7 Stealth
 + Level 5.1 Spellcasting
 * Level 9.4 Summonings
 + Level 1.6 Air Magic


You had 5 spell levels left.
You knew the following spells:

 Your Spells              Type           Power      Damage    Failure   Level
a - Summon Small Mammal   Summ           100%       N/A       1%          1
b - Call Imp              Summ           100%       N/A       1%          2
c - Call Canine Familiar  Summ           51%        N/A       1%          3
d - Summon Guardian Gole  Hex/Summ       28%        N/A       3%          3
e - Summon Lightning Spi  Summ/Air       32%        N/A       9%          4

Your spell library contained the following spells:

 Spells                   Type           Power      Damage    Failure   Level
 Beastly Appendage        Tmut           12%        N/A       9%          1
 Wereblood                Tmut           6%         N/A       13%         2
 Portal Projectile        Hex/Tloc       12%        N/A       26%         3
 Spider Form              Tmut/Pois      6%         N/A       26%         3
 Leda's Liquefaction      Hex/Erth       3%         N/A       65%         4
 Malign Gateway           Summ/Tloc      14%        N/A       100%        7
 Storm Form               Tmut/Air       5%         N/A       100%        7
 Maxwell's Capacitive Co  Air            7%         ∞         100%        8
 Summon Horrible Things   Summ           25%        N/A       100%        8


Dungeon Overview and Level Annotations

Branches:
Dungeon (8/15)             Temple (1/1) D:4
   Lair: D:8-11

Altars:
Ashenzari
Cheibriados
Dithmenos
Elyvilon
Gozag
Hepliaklqana
Kikubaaqudgha
Makhleb
Nemelex Xobeh
Qazlal
Ru
Sif Muna
Trog
Uskayaw
Vehumet
Yredelemnul
The Shining One

Shops:
D:7 =

Annotations:
D:4 1 runed translucent door
D:6 2 runed translucent doors, othur's ghost, novice GrFi
D:8 Gastronok


Innate Abilities, Weirdness & Mutations

((You are very nimble when in or above water. (Stealth+, EV+, Speed+++)))
Your lower body shifts to a powerful aquatic tail in water.


Message History

The orc attacks as you move away! The orc completely misses you.
You feel sick. The killer bee misses you.
You feel sick. The killer bee misses you.
Okay, then.
As you read the scroll of fear, it crumbles to dust.
You assume a fearsome visage.
The orc looks frightened!
The killer bee resists with some effort.
The killer bee looks frightened!
The shadow imp looks frightened!
You feel sick. The killer bee stings you!
* * * LOW HITPOINT WARNING * * *
Found a scroll of amnesia.
You feel sick.
The killer bee is distracted by your dazzling golden aura.
The killer bee barely misses you.
You feel sick. The killer bee misses you.
You feel sick. The killer bee completely misses you.
Okay, then.
You feel sick.
You are no longer poisoned.
The killer bee stings you!
* * * LOW HITPOINT WARNING * * *
You are poisoned.
The killer bee poisons you!
You feel better. The killer bee misses you.
The killer bee completely misses you.
You feel very mighty all of a sudden. The killer bee barely misses you.
You block the killer bee's attack.
The orc warrior hits you with a +0 long sword.
* * * LOW HITPOINT WARNING * * *
The killer bee stings you but does no damage.
Magic courses through your body. The killer bee completely misses you.
The killer bee stings you.
* * * LOW HITPOINT WARNING * * *
You are poisoned.
The killer bee poisons you!
Casting: Summon Guardian Golem (dangerous; 3% risk of failure)
Confirm with . or Enter, or press ? or * to list all spells.
A tiny devil pulls itself out of the air.
You feel sick. The killer bee barely misses you. The killer bee stings you!
You die...
Your body crumbles into a pile of gold.

#...###.........?..#
#.###.#o.#.#y###.#......
.>...oo9Y.#o#.##[#......
..#.o#o..#.o.#..........
.....#o.#.....#.........
........#o~~~.#o.#...##
.....##.#~...~#..# ..#
#.... #.#~._.~#oy# #
..... #.#~...~#o@# ..##.
.#.~~~.#..# #.....#5..
....# .....# ......# $
.......# ........# $


You could see an orc warrior (ally target), a killer bee, 2 orcs and a friendly
cerulean imp (summoned).

Vanquished Creatures
  Joseph (D:7)
  A water moccasin (D:7)
  A sky beast (D:7)
  An orc warrior (D:7)
  2 ice beasts
  A bullfrog (D:7)
  A killer bee (D:7)
  5 howler monkeys
  A jelly (D:7)
  2 orc priests
  4 iguanas
  2 orc wizards
  2 gnolls
  5 adders
  An ufetubus (D:5)
  9 orcs
  3 ball pythons
  4 endoplasms
  2 giant cockroaches
  3 goblins
  2 hobgoblins
  4 kobolds
  2 quokkas
  3 bats
  A frilled lizard (D:1)
  2 rats
65 creatures vanquished.

Vanquished Creatures (collateral kills)
  A water moccasin (D:5)
  2 bullfrogs (D:6)
  A scorpion (D:6)
  2 wights (D:4)
  2 killer bees (D:7)
  2 howler monkeys
  2 sleepcaps (D:4)
  Terence (D:3)
  An orc wizard (D:8)
  2 gnolls (D:6)
  An adder (D:6)
  2 worms (D:3)
  3 dart slugs
  13 orcs
  2 bats
  4 endoplasms
  5 goblins
  A hobgoblin (D:3)
  3 ball pythons
  A kobold (D:2)
  2 rats (D:1)
53 creatures vanquished.

Vanquished Creatures (others)
  A steam dragon (D:8)
  A black bear (D:6)
  2 ice beasts
  2 wights (D:4)
  4 killer bees (D:7)
  2 orc priests (D:8)
  2 hounds
  An orc wizard (D:8)
  A gnoll (D:6)
  2 orcs
18 creatures vanquished.

Grand Total: 136 creatures vanquished

Notes
Turn   | Place    | Note
-------+----------+-------------------------------------------
     0 | D:1      | raph the Merfolk Summoner began the quest for the Orb.
     0 | D:1      | Reached XP level 1. HP: 13/13 MP: 3/3
   399 | D:1      | Reached XP level 2. HP: 19/19 MP: 3/5
   441 | D:1      | Learned a level 2 spell: Call Imp
   938 | D:2      | Reached XP level 3. HP: 24/24 MP: 4/6
   942 | D:2      | Learned a level 3 spell: Call Canine Familiar
  1277 | D:2      | Found a faded altar of an unknown god.
  1514 | D:3      | Noticed Terence
  1529 | D:3      | Killed Terence
  1530 | D:3      | Reached skill level 5 in Summonings
  1530 | D:3      | Reached XP level 4. HP: 22/30 MP: 1/7
  2046 | D:3      | Reached skill level 6 in Summonings
  2046 | D:3      | Reached XP level 5. HP: 24/35 MP: 5/8
  2625 | D:4      | Found a staircase to the Ecumenical Temple.
  2637 | Temple   | Entered the Ecumenical Temple
  2714 | Temple   | Became a worshipper of Gozag Ym Sagoz the Greedy
  2885 | D:4      | Reached skill level 1 in Fighting
  2982 | D:4      | Found a runed translucent door.
  2982 | D:4      | Noticed a human
  2983 | D:4      | Found a basalt altar of Yredelemnul.
  3277 | D:4      | Reached XP level 6. HP: 23/43 MP: 10/10
  3702 | D:4      | Learned a level 3 spell: Summon Guardian Golem
  3811 | D:4      | Reached skill level 7 in Summonings
  3811 | D:4      | Reached XP level 7. HP: 50/50 MP: 1/11
  3954 | D:4      | You fall into a shaft and drop 1 floor!
  3954 | D:5      | Entered Level 5 of the Dungeon
  4399 | D:5      | Found an ancient bone altar of Kikubaaqudgha.
  4403 | D:5      | Found a stormy altar of Qazlal.
  4919 | D:5      | Noticed a +0 dagger
  4919 | D:5      | Noticed a +0 spear
  4919 | D:5      | Noticed a +0 short sword
  4920 | D:5      | Noticed a +0 dagger
  4920 | D:5      | Noticed a +0 spear
  4920 | D:5      | Noticed a +0 falchion
  4921 | D:5      | Noticed a +0 short sword
  4923 | D:5      | Noticed a +0 falchion
  5062 | D:5      | Found a hide-covered altar of Uskayaw.
  5430 | D:5      | Reached XP level 8. HP: 58/58 MP: 13/13
  5867 | D:6      | Found a large runed translucent door.
  5867 | D:6      | Found a large runed translucent door.
  5869 | D:6      | Noticed othur's ghost (novice GrFi)
  5894 | D:6      | Reached skill level 5 in Dodging
  5919 | D:6      | Reached skill level 8 in Summonings
  6561 | D:7      | Reached skill level 1 in Short Blades
  6658 | D:7      | Found Uriesh's Jewellery Emporium.
  6828 | D:7      | Reached XP level 9. HP: 66/66 MP: 12/16
  6833 | D:7      | Learned a level 4 spell: Summon Lightning Spire
  7022 | D:7      | Reached skill level 9 in Summonings
  7242 | D:7      | Bought a +5 ring of evasion for 432 gold pieces
  7364 | D:7      | Found a glowing golden altar of the Shining One.
  7409 | D:7      | Noticed Joseph
  7443 | D:7      | Killed Joseph
  7444 | D:7      | Reached skill level 5 in Fighting
  7444 | D:7      | Reached skill level 1 in Air Magic
  7750 | D:7      | Found a shadowy altar of Dithmenos.
  7912 | D:8      | Reached skill level 5 in Spellcasting
  7920 | D:8      | Noticed Gastronok
  8780 | D:8      | Found a sacrificial altar of Ru.
  8801 | D:8      | Slain by a killer bee

Illustrated notes

Levels and vault maps discovered:
D:1:      spicycebolla_green_bress_n_ham, layout_rooms
D:2:      layout_loops_ring, chequers_ecumenical_altar_simple
D:3:      layout_loops_ring, kennysheep_generic_room_14, uniq_terence
D:4:      layout_loops_corners, dk_yredelemnul_ordeal, minmay_temple_entry_tees
D:5:      layout_loops_corners, grunt_temple_overflow_open,
          nicolae_uskayaw_en_pointe
D:6:      layout_rooms, ebering_ghost_disaster_area
D:7:      layout_basic, nicolae_overflow_hidden_temple, kennysheep_mini,
          serial_shops, shop, uniq_joseph
D:8:      minmay_distorted_concentric_squares, layout_basic,
          nicolae_ru_awakened_eye, uniq_psyche, uniq_erica, uniq_gastronok
Temple:   eino_temple_lava

Skill      XL: |  1  2  3  4  5  6  7  8  9 |
---------------+----------------------------+-----
Summonings     | 5 6 7 8 9 |  9.4
Dodging        | 3 4 6 7 |  7.1
Fighting       | 1 2 3 4 5 |  5.2
Spellcasting   | 3 4 5 |  5.1
Short Blades   | 2 4 |  4.5
Stealth        | 3 |  3.7
Air Magic      | 1 |  1.6

Action                     |  1- 3 |  4- 6 |  7- 9 || total
---------------------------+-------+-------+-------++-------
  Melee: Short sword       |    69 |    36 |       ||   105
         Punch             |     2 |     1 |     3 ||     6
         Dagger            |       |    59 |   123 ||   182
  Throw: Dart              |       |       |     7 ||     7
   Cast: Summon Small Mamm |    21 |    17 |    24 ||    62
         Call Imp          |     7 |    13 |    35 ||    55
         Call Canine Famil |     1 |     8 |    21 ||    30
         Summon Guardian G |       |     2 |    15 ||    17
    Use: Scroll            |     5 |     5 |    12 ||    22
         Potion            |       |       |     5 ||     5
   Stab: Sleeping          |     2 |     3 |     3 ||     8
         Distracted        |       |     1 |     2 ||     3
 Armour: Robe              |    18 |    30 |    33 ||    81
  Dodge: Dodged            |    60 |    63 |   171 ||   294
  Block: Other             |       |       |     8 ||     8
